 Dungeon Crawl Stone Soup version 0.30.0 (webtiles) character file.

Game seed: 9550783167749388945

74 Dani the Chiller (level 4, -3/33 HPs)
             Began as a Formicid Ice Elementalist on May 17, 2023.
             Constricted to death by Grinder (9 damage)
             ... on level 3 of the Dungeon on May 18, 2023.
             The game lasted 00:07:09 (2495 turns).

Dani the Chiller (Formicid Ice Elementalist)        Turns: 2495, Time: 00:07:09

Health: -3/33      AC:  5    Str:  6 (8)  XL:     4   Next: 52%
Magic:  7/7        EV:  9    Int: 13 (14) God:
Gold:   95         SH:  0    Dex: 22 (24) Spells: 6/7 levels left

rFire   + . .        a - +0 sling
rCold   + . .        (no shield)
rNeg    . . .        m - +2 robe of Cowardice {rCorr Str-5 Dex+8}
rPois   +            (helmet unavailable)
rElec   +            (no cloak)
rCorr   +            n - +0 pair of gloves
SInv    +            (no boots)
Will    .....        (no amulet)
Stlth   +++          (no ring)
HPRegen 0.25/turn    (no ring)
MPRegen 0.10/turn

%: no passive effects
@: resistant, grasped by roots, constricted
A: permanent stasis, dig shafts and tunnels, antennae 3, four strong arms
a: Dig, Shaft Self


You were on level 3 of the Dungeon.
You visited 1 branch of the dungeon, and saw 3 of its levels.

You collected 153 gold pieces.
You spent 58 gold pieces at shops.

Inventory:

Hand Weapons
 a - a +0 sling (weapon)
   (You found it on level 1 of the Dungeon)
Armour
 d - a +0 leather armour
   (You found it on level 1 of the Dungeon)
 g - a +0 robe
 k - a +1 pair of gloves
   (You found it on level 2 of the Dungeon)
 m - the +2 robe of Cowardice (worn) {rCorr Str-5 Dex+8}
   (You found it on level 2 of the Dungeon)

   Str:       It affects your strength (-5).
   Dex:       It affects your dexterity (+8).
   rCorr:     It protects you from acid and corrosion.
 n - a +0 pair of gloves (worn)
   (You found it on level 3 of the Dungeon)
Jewellery
 o - a ring of magical power
   (You found it on level 3 of the Dungeon)
Scrolls
 c - 2 scrolls of immolation
 R - 2 scrolls of identify {@r1}
Potions
 b - 2 potions of magic
 e - a potion of brilliance
 f - 2 potions of ambrosia
 h - a potion of cancellation {unknown}
 i - a potion of heal wounds {unknown}
 j - a potion of resistance
 p - a potion of might {unknown}
 y - a potion of degeneration


   Skills:
 + Level 1.7 Fighting
 * Level 2.6 Ranged Weapons
 + Level 1.8 Armour
 - Level 1.7 Dodging
 - Level 2.4 Stealth
 - Level 2.1 Spellcasting
 - Level 4.0 Ice Magic


You had 6 spell levels left.
You knew the following spells:

 Your Spells              Type           Power      Damage    Failure   Level
a - Freeze                Ice            44%        1d6       4%          1

Your spell library contained the following spells:

 Spells                   Type           Power      Damage    Failure   Level
 Frozen Ramparts          Ice            22%        1d4       14%         3
 Ozocubu's Armour         Ice            11%        N/A       14%         3
 Gell's Gravitas          Tloc           1%         N/A       58%         3
 Teleport Other           Tloc           1%         N/A       58%         3
 Summon Ice Beast         Ice/Summ       6%         N/A       73%         4
 Dispersal                Tloc           0%         N/A       100%        6


Dungeon Overview and Level Annotations

Branches:
Dungeon (3/15)

Altars:
Xom

Shops:
D:3 *

Annotations:
D:3 Grinder


Innate Abilities, Weirdness & Mutations

You cannot be hasted, slowed, berserked, paralysed or teleported.
You can dig through walls and to a lower floor.
You have a pair of large antennae on your head. (SInv)
Your four strong arms can wield two-handed weapons with a shield.


Message History

You shoot a sling bullet.
The sling bullet barely misses the worm.
The bat hits you but does no damage. The worm barely misses you.
You shoot a sling bullet. The sling bullet hits the worm.
The worm is moderately wounded.
The bat hits you but does no damage. The bat barely misses you.
You shoot a sling bullet. The sling bullet hits the worm.
The worm is heavily wounded.
The bat barely misses you. The worm bites you.
You shoot a sling bullet. The sling bullet hits the worm.
The worm is severely wounded.
The bat closely misses you. The worm barely misses you.
You shoot a sling bullet. The sling bullet hits the worm.
You kill the worm!
The bat hits you but does no damage. The bat closely misses you.
The bat hits you. The bat closely misses you. The bat closely misses you.
Things that are here:
a +0 mace; a +0 leather armour The bat hits you but does no damage.
You shoot a sling bullet. The sling bullet hits the bat.
You kill the bat!
No target in view!
No target in view!
No target in view!
No target in view!
Things that are here:
a +0 mace; a +0 leather armour No target in view!
No target in view!
No target in view!
No target in view!
No target in view!
No target in view!
You hear the rusting of a very distant drain.
You now have 95 gold pieces (gained 9).
Found an amethyst potion.
Found a potion of brilliance.
Found a scroll of noise.
You hear the rusting of a very distant drain.
You see here a scroll of noise.
Found a leather armour.
You see here a +0 leather armour.
You open the door.
Found a shimmering altar of Xom.
There is an open door here.
Okay, then.
There is a shimmering altar of Xom here.
You open the door.
There is an open door here.
A rat comes into view.
Found a scroll labelled OWIRGH UDONES.
You shoot a sling bullet. The sling bullet hits the rat.
You kill the rat!
No target in view!
No target in view!
You hear the brisk rusting of a very distant drain.
q - a scroll labelled OWIRGH UDONES
As you read the scroll labelled OWIRGH UDONES, it crumbles to dust.
You assume a fearsome visage.
Nothing appears to happen.
It was a scroll of fear.
Grinder is nearby!
You shoot a sling bullet.
Grinder shouts!
The sling bullet hits Grinder.
Grinder is lightly wounded.
You shoot a sling bullet. The sling bullet barely misses Grinder.
Grinder gestures at you. Pain shoots through your body!
You shoot a sling bullet.
The sling bullet hits Grinder but does no damage.
Grinder is lightly wounded.
You shoot a sling bullet. The sling bullet hits Grinder.
Grinder is moderately wounded.
Grinder zaps a wand.
The roots erupt in riotous growth!
The grasping roots grab you! The grasping roots constrict you.
* * * LOW HITPOINT WARNING * * *
Grinder gestures at you.
Your stasis prevents you from being paralysed.
The grasping roots constrict you!
* * * LOW HITPOINT WARNING * * *
You are too injured to fight recklessly!
You are too injured to fight recklessly!
You are too injured to fight recklessly!
You are too injured to fight recklessly!
You are too injured to fight recklessly!
You aren't carrying any items that you can evoke.
It was a potion of resistance.
You feel protected. Grinder gestures at you.
You barely resist. The grasping roots constrict you.
* * * LOW HITPOINT WARNING * * *
It was a potion of degeneration.
There was something very wrong with that liquid.
You feel weakened.
You feel dopey.
You feel clumsy.
y - a potion of degeneration The grasping roots constrict you!
You die...

#.+.._..'.# #..# #.#######.##
#..# #. ### #..###..#
#.#######...##..# #.
#...............# ♣ #..
######.....###..# ♣♣. #..
#......##..# ♣♣.♣♣ #..
#.......#..# ♣♣.P.♣ #.#
#..#######.@# ♣..PP♣ #.####
#.## #..# #....# #..... #.
##5####+..+###...# #.
#.....?........#.## {
#...#.#..#.#.......
#..............##..
#.....#.....##...#.
#............#....!
############...#......#.....#>


You could see Grinder.

Vanquished Creatures
  An adder (D:2)
  2 worms
  A dart slug (D:1)
  2 orcs (D:3)
  10 ball pythons
  3 endoplasms
  2 giant cockroaches (D:1)
  6 goblins
  8 hobgoblins
  4 bats
  3 frilled lizards
  5 kobolds
  5 rats
52 creatures vanquished.

Notes
Turn   | Place    | Note
-------+----------+-------------------------------------------
     0 | D:1      | Dani the Formicid Ice Elementalist began the quest for the
                  | Orb.
     0 | D:1      | Reached XP level 1. HP: 13/13 MP: 3/3
    24 | D:1      | HP: 2/13 [ball python (2)]
   155 | D:1      | Reached skill level 1 in Ranged Weapons
   155 | D:1      | Reached XP level 2. HP: 18/20 MP: 0/5
   389 | D:1      | Found a faded altar of an unknown god.
   512 | D:1      | Reached skill level 1 in Fighting
   512 | D:1      | Reached skill level 1 in Armour
   576 | D:1      | Reached XP level 3. HP: 26/26 MP: 4/6
  1265 | D:2      | Reached skill level 2 in Ranged Weapons
  1476 | D:2      | Reached XP level 4. HP: 8/32 MP: 7/7
  1650 | D:2      | Identified the +2 robe of Cowardice {rCorr Str-5 Dex+8}
  2136 | D:3      | Noticed Grinder
  2245 | D:3      | Found Cehys's Assorted Antiques.
  2276 | D:3      | Bought a lumpy clear potion for 18 gold pieces
  2276 | D:3      | Bought a scroll of identify for 40 gold pieces
  2451 | D:3      | Found a shimmering altar of Xom.
  2494 | D:3      | HP: 6/33 [constriction (4)]
  2495 | D:3      | Constricted to death by Grinder

Illustrated notes

Levels and vault maps discovered:
D:1:      grunt_arrival_crossed_arrows, layout_basic,
          hellmonk_ecumenical_altar_zigzags
D:2:      layout_loops_ring, chequers_serial_rivers_small_3,
          dreamdust_wishing_well, hex_medium, hangedman_glass_teeth
D:3:      layout_rooms, nicolae_hepliaklqana_hippocampus,
          fedhas_altar_fruit_tree, yredelemnul_forgotten_temple_becter,
          lemuel_doored_altar, portal_sewer_entry_e, serial_shops,
          nicolae_shop_peninsula, uniq_grinder, uniq_crazy_yiuf_cottage

Skill      XL: |  1  2  3 |
---------------+----------+-----
Ranged Weapons | 1 2 |  2.6
Fighting       | 1 |  1.7
Armour         | 1 |  1.8
Dodging        | |  1.7
Stealth        | |  2.4
Spellcasting   | |  2.1
Ice Magic      | |  4.0

Action                     |  1- 3 |  4- 6 || total
---------------------------+-------+-------++-------
  Melee: Unarmed           |    27 |       ||    27
         Punch             |     1 |       ||     1
   Fire: Sling             |    66 |    62 ||   128
   Cast: Freeze            |    26 |       ||    26
    Use: Scroll            |     5 |     1 ||     6
         Potion            |       |     2 ||     2
 Armour: Robe              |    13 |     8 ||    21
         Leather armour    |     8 |     4 ||    12
  Dodge: Dodged            |    53 |    37 ||    90

Levels and vault maps discovered:
D:1:      grunt_arrival_crossed_arrows, layout_basic,
          hellmonk_ecumenical_altar_zigzags
D:2:      layout_loops_ring, chequers_serial_rivers_small_3,
          dreamdust_wishing_well, hex_medium, hangedman_glass_teeth
D:3:      layout_rooms, nicolae_hepliaklqana_hippocampus,
          fedhas_altar_fruit_tree, yredelemnul_forgotten_temple_becter,
          lemuel_doored_altar, portal_sewer_entry_e, serial_shops,
          nicolae_shop_peninsula, uniq_grinder, uniq_crazy_yiuf_cottage

Table legend: (Time is in decaauts)
 A = Elapsed time spent in this place.
 B = Non-inter-level travel time spent in this place.
 C = Inter-level travel time spent in this place.
 D = Time resting spent in this place.
 E = Time spent auto-exploring this place.
 F = Levels seen in this place.
 G = Mean time per level.
                   A        B        C        D        E       F      G
               +--------+--------+--------+--------+--------+-----+--------+
         Total |   2539 |   2292 |    247 |      0 |   1621 |   3 |  846.3 |
       Dungeon |   2539 |   2292 |    247 |      0 |   1621 |   3 |  846.3 |
               +--------+--------+--------+--------+--------+-----+--------+

Top non-repeatable levels by time:
     D:1: 1136 daAuts
     D:2: 1047 daAuts
     D:3: 355 daAuts

Table legend:
 A = Kills in this place as a percentage of kills in the entire game.
 B = Kills by you in this place as a percentage of kills by you in the entire game.
 C = Kills by friends in this place as a percentage of kills by friends in the entire game.
 D = Other kills in this place as a percentage of other kills in the entire game.
 E = Experience gained in this place as a percentage of experience gained in the entire game.
 F = Experience gained in this place divided by the number of levels of this place that you have seen.
                   A       B       C       D       E      F
               +-------+-------+-------+-------+-------+----------------------
         Total | 100.0 | 100.0 |   N/A |   N/A | 100.0 |  35.3
       Dungeon | 100.0 | 100.0 |   N/A |   N/A | 100.0 |  35.3
               +-------+-------+-------+-------+-------+----------------------
